 Dungeon Sprint DCSS version 0.30-a0-1053-gbd8d5ba0ad (webtiles) character file.

Game seed: 16912351074546974019

1289 PLAYERX the Nimble (level 8, 0/72 HPs)
             Began as a Gnoll Monk on Apr 11, 2023.
             Was a Priest of Nemelex Xobeh.
             Shot with a bolt by a vault warden (26 damage)
             ... in the Dungeon (Sprint V: "Ziggurat Sprint").
             The game lasted 00:07:47 (329 turns).

PLAYERX the Nimble (Gnoll Monk)                      Turns: 329, Time: 00:07:48

Health: 0/72       AC: 20    Str: 24    XL:     8   Next: 55%
Magic:  18/18      EV:  7    Int: 10    God:    Nemelex Xobeh [***...]
Gold:   0          SH:  0    Dex: 15    Spells: 20/20 levels left

rFire   + . .      SeeInvis +    a - +16 obsidian axe {drain, demonic, Mesm Drain Fly SInv}
rCold   + . .      Faith    .    (no shield)
rNeg    . . .      Spirit   .    b - +5 gold dragon scales
rPois   +          Reflect  .    (no helmet)
rElec   .          Rampage  .    (no cloak)
rCorr   .          NoTele   +    (no gloves)
Will    .....                    (no boots) Stlth
                                 (no amulet)
HPRegen 0.32/turn                o - +6 ring of strength
MPRegen 0.16/turn                p - +6 ring of strength

@: flying
A: fangs 1, strong nose, distributed training
a: Renounce Religion, Draw Escape, Draw Destruction, Draw Summoning, Triple Draw


You were in the Dungeon.
You worshipped Nemelex Xobeh.
Nemelex Xobeh was most pleased with you.
You visited 1 branch

Inventory:

Hand Weapons
 a - the +16 obsidian axe (weapon) {drain, demonic, Mesm Drain Fly SInv}
   (You found it in the Dungeon)

   Mesm:      Its wielder is mesmerised by any visible foes, and it cannot be
   unequipped while any foes are visible.
   SInv:      It lets you see invisible.
   Fly:       It grants you flight.
   Drain:     It drains your maximum health when unequipped.
Armour
 b - +5 gold dragon scales (worn)
Jewellery
 o - a +6 ring of strength (left hand)
 p - a +6 ring of strength (right hand)
Wands
 j - a wand of mindburst (7)
 k - a wand of quicksilver (7)
Scrolls
 i - 4 scrolls of blinking
 s - 4 scrolls of amnesia
 t - 7 scrolls of fog
 u - 5 scrolls of identify
 v - 2 scrolls of fear
Potions
 c - a potion of ambrosia
 d - 10 potions of curing
 e - 7 potions of heal wounds
 f - 6 potions of haste
 g - 7 potions of magic
 h - 3 potions of berserk rage
 l - 2 potions of brilliance
 m - 2 potions of invisibility
 n - 4 potions of resistance
 r - 5 potions of might
Miscellaneous
 q - a lightning rod (4/4)
 w - a condenser vane (inert)
 x - a piece from Xom's chessboard (15/15)


   Skills:
 + Level 9.6 Fighting
 + Level 6.9 Short Blades
 + Level 6.9 Long Blades
 + Level 9.6 Axes
 + Level 6.9 Maces & Flails
 + Level 6.9 Polearms
 + Level 6.9 Staves
 + Level 6.9 Ranged Weapons
 + Level 6.9 Throwing
 + Level 6.9 Armour
 + Level 9.6 Dodging
 + Level 8.2 Stealth
 + Level 6.9 Shields
 + Level 6.9 Unarmed Combat
 + Level 6.9 Spellcasting
 + Level 5.7 Conjurations
 + Level 5.7 Hexes
 + Level 5.7 Summonings
 + Level 5.7 Necromancy
 + Level 5.7 Translocations
 + Level 5.7 Transmutations
 + Level 5.7 Fire Magic
 + Level 5.7 Ice Magic
 + Level 5.7 Air Magic
 + Level 5.7 Earth Magic
 + Level 5.7 Poison Magic
 + Level 7.6 Invocations
 + Level 6.9 Evocations


You had 20 spell levels left.
You didn't know any spells.
Your spell library contained the following spells:

 Spells                   Type           Power      Damage    Failure   Level
 Foxfire                  Conj/Fire      60%        2x1d7     77%         1
 Summon Guardian Golem    Hex/Summ       15%        N/A       98%         3
 Irradiate                Conj/Tmut      7%         3d14      100%        5
 Eringya's Noxious Bog    Tmut/Pois      7%         N/A       100%        6
 Orb of Destruction       Conj           7%         9d6       100%        7
 Spellforged Servitor     Conj/Summ      7%         N/A       100%        7


Dungeon Overview and Level Annotations

Branches:
Dungeon (1/1)

Altars:
Ashenzari
Cheibriados
Dithmenos
Elyvilon
Fedhas
Gozag
Hepliaklqana
Kikubaaqudgha
Makhleb
Nemelex Xobeh
Okawaru
Qazlal
Ru
Sif Muna
Trog
Uskayaw
Vehumet
Wu Jian
Xom
Yredelemnul
Zin
The Shining One
Jiyva
Lugonu

Annotations:
D 1 transporter


Innate Abilities, Weirdness & Mutations

You have very sharp teeth.
Your uncanny sense of smell can sniff out nearby items.
Your experience applies equally to all skills.


Message History

Visions of slaying the ironbound frostheart flood into your mind.
The ironbound frostheart touches your smoke demon!
The ironbound frostheart freezes your smoke demon!!
Your smoke demon dies!
Your smoke demon disappears in a puff of smoke!
The yaktaur captain shoots a bolt.
The bolt hits you!
* * * LOW HITPOINT WARNING * * *
You feel much better.
The vault warden shoots a bolt.
The bolt hits you!!
* * * LOW HITPOINT WARNING * * *
Clouds of flame condense around you!
The condenser dries out!
The ironbound frostheart is engulfed in blazing flames.
The ironbound convoker is engulfed in blazing flames.
The necromancer is engulfed in blazing flames.
The yaktaur captain is engulfed in blazing flames.
The vault warden is engulfed in blazing flames.
You feel much better.
The ironbound frostheart is engulfed in blazing flames.
The ironbound frostheart touches you. The ironbound frostheart freezes you!
You resist.
The necromancer is engulfed in blazing flames.
The ironbound convoker is engulfed in blazing flames.
The yaktaur captain is engulfed in blazing flames.
The vault warden is engulfed in blazing flames.
You slice the ironbound frostheart!! You bite the ironbound frostheart.
The ironbound frostheart is almost dead.
You slash the yaktaur captain!
The necromancer is engulfed in blazing flames.
The ironbound frostheart is engulfed in blazing flames.
You break out of your daze!
You kill the ironbound frostheart!
The ironbound convoker is engulfed in blazing flames.
The ironbound convoker points at the vault warden and mumbles some strange words.
The vault warden seems to grow stronger.
The yaktaur captain is engulfed in blazing flames.
The yaktaur captain unwields a +0 arbalest.
The yaktaur captain hits you!
The vault warden is engulfed in blazing flames.
The vault warden shoots a bolt.
The bolt hits you!!
You die...
Your body glows slightly and disappears.

▓..©..▓..©).▓▓▓▓▓▓▓
▓▓▓▓▓▓▓▓▓▓▓▓▓▓▓▓▓▓▓
▓..8©8...▓..8©8...▓
▓..).....▓..§§§§§.▓
▓...|....▓..§§§§§.▓
▓........▓..§§§§§.▓
▓...††...▓..§pp...▓
∆
▓.▓....▓.▓..p§c...▓
∆
▓...©....▓...@....▓
▓▓▓▓▓▓▓▓▓▓▓▓▓▓▓▓▓▓▓
∆∆∆∆ ∆∆∆ ∆∆∆ ∆∆∆


You could see a vault warden (strong), a yaktaur captain, an ironbound convoker
and a necromancer.

Vanquished Creatures
  An ironbound frostheart (D)
  A tarantella (D)
  Sigmund (D)
  A spriggan (D)
  A black bear (D)
  Blork the orc (D)
  A scorpion (D)
  2 jellies (D)
  Jessica (D)
10 creatures vanquished.

Vanquished Creatures (collateral kills)
  A tarantella (D)
  A spriggan (D)
  A wolf (D)
  A scorpion (D)
4 creatures vanquished.

Grand Total: 14 creatures vanquished

Notes
Turn   | Place    | Note
-------+----------+-------------------------------------------
     0 | D        | PLAYERX the Gnoll Monk began the quest for the Orb.
     0 | D        | Reached XP level 1. HP: 23/23 MP: 1/1
     7 | D        | Found a blossoming altar of Fedhas.
     7 | D        | Found the +6 Majin-Bo {spellvamp, MP+6 Int+6}
     7 | D        | Found the +27 heavy crossbow "Sniper" {heavy, Acc+∞ SInv}
     7 | D        | Found the +10 dark maul {heavy}
     7 | D        | Found the +15 Maxwell's patent armour {-Cast -Tele rElec
                  | Will+ rCorr}
     7 | D        | Found the +18 shield of the Gong {Loud rN+ Will+ rCorr
                  | EV-5}
     7 | D        | Found the +16 obsidian axe {drain, demonic, Mesm Drain Fly
                  | SInv}
     7 | D        | Found the +7 great mace "Firestarter" {flame, immolate,
                  | rFlCloud rF++}
     7 | D        | Found the +6 shillelagh "Devastator" {shatter}
     7 | D        | Found the +11 plutonium sword {Contam Stlth-}
     7 | D        | Found the +8 lance "Wyrmbane" {slay drac, rPois rF+ rC+
                  | AC+3}
     7 | D        | Found the +9 sword of Zonguldrok {reap}
     7 | D        | Found the +13 scythe of Curses {drain, curses, Drain}
     7 | D        | Found the +9 sword of Power {lifebolt}
     7 | D        | Found the +7 mace of Variability {chaos, chaos arc}
     7 | D        | Found the +11 Singing Sword {sonic wave}
     7 | D        | Found the +8 storm bow {elec, penet}
     8 | D        | Found a transporter.
     8 | D        | Found a viscous altar of Jiyva.
     8 | D        | Found an ancient bone altar of Kikubaaqudgha.
     8 | D        | Found a hazy altar of Hepliaklqana.
     8 | D        | Found a corrupted altar of Lugonu.
     8 | D        | Found an opulent altar of Gozag.
     8 | D        | Found a burning altar of Makhleb.
    12 | D        | Found a stormy altar of Qazlal.
    12 | D        | Found an iron altar of Okawaru.
    12 | D        | Found a sacrificial altar of Ru.
    12 | D        | Found a sparkling altar of Nemelex Xobeh.
    12 | D        | Found a shimmering blue altar of Sif Muna.
    12 | D        | Found a bloodstained altar of Trog.
    85 | D        | Reached XP level 2. HP: 31/31 MP: 1/5
   153 | D        | Became a worshipper of Nemelex Xobeh the Trickster
   153 | D        | Reached * piety under Nemelex Xobeh
   153 | D        | Received a gift from Nemelex Xobeh
   153 | D        | Reached ** piety under Nemelex Xobeh
   171 | D        | Entered arena 2.
   171 | D        | Found a transporter.
   176 | D        | Reached skill level 5 in Stealth
   176 | D        | Reached XP level 3. HP: 30/36 MP: 5/7
   176 | D        | Reached XP level 4. HP: 36/43 MP: 5/8
   193 | D        | Entered arena 3.
   193 | D        | Noticed Sigmund
   193 | D        | Noticed Jessica
   193 | D        | Noticed Blork the orc
   193 | D        | Received a gift from Nemelex Xobeh
   193 | D        | Found a transporter.
   196 | D        | Killed Blork the orc
   197 | D        | Reached XP level 5. HP: 48/49 MP: 8/10
   198 | D        | Killed Jessica
   200 | D        | Killed Sigmund
   201 | D        | Reached skill level 5 in Short Blades
   201 | D        | Reached skill level 5 in Long Blades
   201 | D        | Reached skill level 5 in Maces & Flails
   201 | D        | Reached skill level 5 in Polearms
   201 | D        | Reached skill level 5 in Staves
   201 | D        | Reached skill level 5 in Ranged Weapons
   201 | D        | Reached skill level 5 in Throwing
   201 | D        | Reached skill level 5 in Armour
   201 | D        | Reached skill level 5 in Shields
   201 | D        | Reached skill level 5 in Unarmed Combat
   201 | D        | Reached skill level 5 in Spellcasting
   201 | D        | Reached skill level 5 in Invocations
   201 | D        | Reached skill level 5 in Evocations
   201 | D        | Reached XP level 6. HP: 55/57 MP: 8/13
   210 | D        | Got the Directory of Striking and Degeneration
   217 | D        | Entered arena 4.
   217 | D        | Noticed a black bear
   217 | D        | Noticed a spriggan
   217 | D        | Noticed a spriggan
   217 | D        | Found a transporter.
   222 | D        | Killed a spriggan
   222 | D        | Killed a spriggan
   223 | D        | Reached skill level 5 in Conjurations
   223 | D        | Reached skill level 5 in Hexes
   223 | D        | Reached skill level 5 in Summonings
   223 | D        | Reached skill level 5 in Necromancy
   223 | D        | Reached skill level 5 in Translocations
   223 | D        | Reached skill level 5 in Transmutations
   223 | D        | Reached skill level 5 in Fire Magic
   223 | D        | Reached skill level 5 in Ice Magic
   223 | D        | Reached skill level 5 in Air Magic
   223 | D        | Reached skill level 5 in Earth Magic
   223 | D        | Reached skill level 5 in Poison Magic
   223 | D        | Reached XP level 7. HP: 43/64 MP: 12/16
   242 | D        | Entered arena 5.
   242 | D        | Noticed a tarantella
   242 | D        | Noticed a tarantella
   242 | D        | Reached *** piety under Nemelex Xobeh
   242 | D        | Found a transporter.
   245 | D        | Reached XP level 8. HP: 56/71 MP: 15/17
   245 | D        | Killed a tarantella
   249 | D        | Killed a tarantella
   324 | D        | Entered arena 6.
   324 | D        | Noticed an ironbound convoker
   324 | D        | Noticed a vault warden
   324 | D        | Noticed a necromancer
   324 | D        | Noticed a yaktaur captain
   324 | D        | Noticed an ironbound frostheart
   324 | D        | Found a transporter.
   329 | D        | Killed an ironbound frostheart
   329 | D        | Shot with a bolt by a vault warden

Illustrated notes

Levels and vault maps discovered:
D:        sprint_v [room_start, room_1, room_2, room_3, room_4, room_5, room_6,
          room_7, room_8, room_9, room_10, room_11, room_12, room_13, room_14,
          room_15, room_16, room_17, room_18, room_19, room_20, room_21,
          room_22, room_23, room_24, room_25, room_26, room_27]

Skill      XL: |  1  2  3  4  5  6  7  8 |
---------------+-------------------------+-----
Fighting       | 7 8 9 |  9.6
Short Blades   | 2 3 5 6 |  6.9
Long Blades    | 2 3 5 6 |  6.9
Axes           | 7 8 9 |  9.6
Maces & Flails | 2 3 5 6 |  6.9
Polearms       | 2 3 5 6 |  6.9
Staves         | 2 3 5 6 |  6.9
Ranged Weapons | 2 3 5 6 |  6.9
Throwing       | 2 3 5 6 |  6.9
Armour         | 2 3 5 6 |  6.9
Dodging        | 7 8 9 |  9.6
Shields        | 2 3 5 6 |  6.9
Unarmed Combat | 2 3 5 6 |  6.9
Spellcasting   | 2 3 5 6 |  6.9
Conjurations   | 2 3 4 5 |  5.7
Hexes          | 2 3 4 5 |  5.7
Summonings     | 2 3 4 5 |  5.7
Necromancy     | 2 3 4 5 |  5.7
Translocations | 2 3 4 5 |  5.7
Transmutations | 2 3 4 5 |  5.7
Fire Magic     | 2 3 4 5 |  5.7
Ice Magic      | 2 3 4 5 |  5.7
Air Magic      | 2 3 4 5 |  5.7
Earth Magic    | 2 3 4 5 |  5.7
Poison Magic   | 2 3 4 5 |  5.7
Invocations    | 2 3 4 5 6 7 |  7.6
Evocations     | 2 3 5 6 |  6.9
Stealth        | 5 6 7 8 |  8.2

Action                     |  1- 3 |  4- 6 |  7- 9 || total
---------------------------+-------+-------+-------++-------
  Melee: Broad axe         |     3 |     6 |     7 ||    16
         Bite              |     1 |       |     1 ||     2
 Invoke: Draw Destruction  |       |     3 |       ||     3
  Evoke: Condenser vane    |       |       |     1 ||     1
    Use: Potion            |     1 |       |     3 ||     4
 Armour: Gold dragon scale |     6 |     8 |     8 ||    22
  Dodge: Dodged            |       |     5 |     7 ||    12

Table legend: (Time is in decaauts)
 A = Elapsed time spent in this place.
 B = Non-inter-level travel time spent in this place.
 C = Inter-level travel time spent in this place.
 D = Time resting spent in this place.
 E = Time spent auto-exploring this place.
 F = Levels seen in this place.
 G = Mean time per level.
                   A        B        C        D        E       F      G
               +--------+--------+--------+--------+--------+-----+--------+
         Total |    336 |    336 |      0 |    116 |      0 |   1 |  336.0 |
       Dungeon |    336 |    336 |      0 |    116 |      0 |   1 |  336.0 |
               +--------+--------+--------+--------+--------+-----+--------+

Top non-repeatable levels by time:
       D: 336 daAuts
